Map: Year Zero LE

Players

Lambo - Winner!

  • Race: Zerg Zerg
  • Spawn Location: 1:00

Neeb

  • Race: Protoss Protoss
  • Spawn Location: 11:00

Event: IEM Season 13: Katowice (2019)

VOD

Have the link to the VOD?

Description

Time

  • Played on: Feb. 28, 2019, 10:17 a.m.
  • Length: 12:14

All games in this series

Show
View Real Time Build Order
Export as new Build Order

Lambo Zerg - Winner!

Build Orders: Hatch First 

Get SALT Encoding   

  12  0:01  Drone  
  13  0:13  Overlord  
  13  0:18  Drone  
  14  0:31  Drone x2  
  16  0:50  Hatchery  
  16  0:53  Drone  
  16  0:56  Drone  
  17  0:59  Drone  
  18  1:10  Extractor  
  17  1:15  Spawning Pool  
  16  1:19  Drone  
  16  1:22  Drone  
  18  1:29  Drone  
  19  1:41  Drone  
  20  1:51  Overlord  
  20  2:02  Queen x2  
  20  2:03  Zergling x4  
  26  2:11  Metabolic Boost  
  26  2:12  Drone  
  26  2:15  Drone  
  28  2:23  Drone x2  
  30  2:39  Hatchery  
  30  2:40  Drone  
  31  2:44  Drone  
  31  2:45  Drone  
  31  2:50  Overlord  
  32  2:54  Drone  
  33  3:01  Queen, Zergling x2  
  36  3:09  Zergling x2  
  37  3:16  Drone, Spore Crawler  
  37  3:17  Drone  
  37  3:19  Drone x2, Spore Crawler  
  39  3:21  Drone  
  39  3:24  Drone  
  43  3:27  Overlord  
  43  3:29  Drone  
  43  3:30  Overlord  
  43  3:45  Queen  
  45  3:51  Drone, Spore Crawler  
  45  3:52  Drone x5  
  50  3:56  Queen  
  50  3:59  Drone  
  50  4:02  Zergling x2  
  54  4:03  Zergling x2  
  54  4:09  Spore Crawler  
  54  4:13  Drone  
  54  4:14  Drone x2  
  57  4:19  Overlord  
  57  4:22  Drone x3  
  57  4:30  Lair  
  57  4:33  Drone, Roach Warren  
  57  4:35  Extractor  
  57  4:36  Extractor, Overlord  
  57  4:37  Drone  
  56  4:41  Drone  
  56  4:42  Drone x2  
  56  4:44  Drone  
  60  4:47  Drone x2  
  60  4:50  Overlord  
  60  4:51  Drone  
  63  4:54  Drone x2  
  63  4:59  Drone x2  
  67  5:00  Drone x2  
  67  5:04  Queen  
  67  5:06  Overlord  
  71  5:08  Drone  
  71  5:11  Drone x2  
  71  5:12  Drone  
  71  5:13  Drone  
  76  5:15  Drone  
  76  5:18  Queen  
  79  5:22  Spore Crawler  
  79  5:23  Zergling x2  
  79  5:24  Zergling x4  
  79  5:27  Overlord  
  81  5:30  Queen  
  81  5:34  Nydus Network  
  81  5:39  Zergling x8  
  85  5:44  Queen, Overlord  
  85  5:47  Overlord  
  83  5:50  Overlord  
  83  5:54  Queen  
  83  5:56  Zergling x4  
  86  5:59  Overlord  
  90  6:04  Roach x3  
  90  6:05  Zergling x2  
  93  6:11  Nydus Canal  
  93  6:12  Zergling x8  
  93  6:13  Zergling x2  
  97  6:19  Zergling x6  
  94  6:25  Hydralisk Den  
  94  6:30  Ravager x2  
  94  6:31  Drone x6  
  100  6:39  Zergling x4  
  100  6:47  Drone x4  
  100  6:50  Extractor  
  100  6:51  Drone x2  
  100  6:52  Evolution Chamber  
  100  6:53  Drone x3, Baneling Nest  
  105  7:02  Drone x3  
  103  7:12  Drone x2  
  103  7:14  Drone  
  106  7:16  Grooved Spines  
  106  7:21  Drone x3  
  109  7:23  Drone x2  
  109  7:27  Zerg Missile Weapons Level 1  
  109  7:28  Drone x3  
  109  7:29  Extractor  
  109  7:36  Hydralisk x4  
  105  7:39  Hydralisk  
  105  7:43  Centrifical Hooks  
  111  7:44  Extractor  
  111  7:49  Overlord  
  110  7:51  Hydralisk  
  110  7:56  Overlord x2  
  110  7:57  Overlord  
  112  7:59  Overlord  
  112  8:00  Hatchery  
  112  8:04  Infestation Pit  
  110  8:06  Overlord x2  
  110  8:07  Overlord  
  110  8:14  Drone  
  110  8:15  Hydralisk x5  
  110  8:19  Hydralisk  
  119  8:20  Hydralisk x3  
  119  8:24  Overseer  
  119  8:26  Overlord  
  127  8:28  Muscular Augments, Drone x2  
  127  8:29  Drone  
  127  8:33  Hydralisk x2  
  131  8:41  Hydralisk, Zergling x8  
  131  8:47  Hydralisk x3  
  143  8:51  Hydralisk  
  145  8:56  Baneling x4  
  145  8:59  Overlord  
  145  9:00  Ravager  
  145  9:01  Overlord  
  146  9:06  Zergling x10  
  146  9:07  Baneling x3  
  146  9:08  Baneling  
  150  9:10  Zergling x2  
  151  9:17  Hive  
  151  9:23  Hydralisk  
  153  9:24  Zergling x10  
  153  9:29  Nydus Canal  
  158  9:32  Zergling x10  
  158  9:36  Hydralisk  
  158  9:37  Zergling x6  
  166  9:43  Nydus Canal  
  166  9:47  Baneling x12  
  166  9:51  Baneling x3  
  166  9:54  Zergling x10  
  171  10:00  Zergling x12  
  176  10:09  Zergling x14  
  176  10:13  Baneling  
  177  10:18  Hydralisk x3  
  169  10:23  Hydralisk x3  
  161  10:30  Hydralisk x3  
  161  10:32  Zergling x2  
  152  10:38  Zergling x10  
  152  10:40  Hydralisk  
  147  10:44  Hydralisk x2  
  147  10:46  Hydralisk  
  147  10:49  Zergling x2  
  142  10:52  Hydralisk x2  
  137  10:59  Hydralisk x2  
  137  11:02  Hydralisk x2  
  145  11:06  Hydralisk x2  
  145  11:13  Hydralisk  
  145  11:16  Zergling x8  
  149  11:19  Hydralisk x2  
  149  11:21  Zergling x4  
  149  11:23  Hydralisk  
  154  11:27  Hydralisk  
  154  11:31  Hydralisk x2  
  147  11:38  Hydralisk x3  
  144  11:47  Hydralisk x4  
  144  11:50  Hydralisk  
Show
View Real Time Build Order
Export as new Build Order

Neeb Protoss 

Build Orders: 1 Gate Expand, Oracle Opening, Phoenix Opening, Mass Phoenix 

Get SALT Encoding   

  12  0:00  Probe  
  13  0:12  Probe  
  14  0:19  Pylon  
  14  0:24  Probe  
  15  0:28  Assimilator  
  15  0:35  Probe  
  16  0:43  Probe  
  16  0:45  Gateway  
  17  0:52  Probe  
  18  1:04  Probe  
  19  1:16  Probe  
  20  1:25  Nexus  
  20  1:35  Cybernetics Core  
  20  1:38  Probe  
  21  1:44  Assimilator  
  21  1:50  Probe  
  21  1:53  Pylon  
  22  2:00  Probe  
  22  2:02  Adept  
  23  2:08  Probe  
  26  2:17  Stargate  
  26  2:20  Probe  
  27  2:23  Warp Gate, Adept  
  27  2:34  Probe  
  30  2:37  Probe  
  31  2:46  Probe  
  31  2:49  Probe  
  33  2:52  Adept  
  33  2:58  Probe  
  36  3:01  Probe  
  36  3:02  Phoenix  
  39  3:10  Probe  
  40  3:13  Probe  
  40  3:14  Pylon  
  40  3:17  Oracle  
  41  3:22  Probe  
  41  3:25  Probe  
  43  3:32  Assimilator  
  46  3:34  Probe  
  46  3:35  Assimilator  
  46  3:38  Probe  
  46  3:40  Pylon  
  48  3:45  Gateway  
  48  3:46  Probe  
  49  3:50  Probe  
  49  3:53  Pylon  
  50  3:57  Phoenix  
  50  4:00  Probe  
  53  4:03  Probe  
  53  4:05  Stargate  
  54  4:12  Probe  
  54  4:13  Probe  
  56  4:20  Phoenix  
  58  4:25  Probe  
  58  4:29  Probe  
  60  4:33  Adept  
  60  4:37  Phoenix  
  62  4:40  Probe  
  62  4:42  Phoenix  
  65  4:51  Nexus  
  67  4:56  Pylon, Probe  
  67  4:58  Probe  
  69  5:08  Probe  
  69  5:10  Protoss Air Weapons Level 1  
  69  5:12  Pylon, Phoenix  
  70  5:15  Phoenix  
  75  5:26  Robotics Facility  
  75  5:27  Robotics Facility  
  74  5:29  Phoenix  
  74  5:35  Probe  
  74  5:40  Sentry  
  79  5:48  Phoenix  
  81  5:52  Shield Battery  
  81  5:55  Shield Battery  
  79  5:57  Sentry  
  79  6:01  Phoenix  
  79  6:04  Zealot, Probe  
  83  6:05  Probe x2  
  83  6:10  Shield Battery  
  88  6:12  Immortal, Shield Battery  
  88  6:14  Immortal  
  90  6:24  Zealot x2  
  94  6:34  Probe  
  94  6:35  Pylon x2, Probe  
  94  6:37  Pylon  
  96  6:53  Immortal, Pylon  
  100  6:54  Pylon  
  100  6:55  Pylon  
  100  7:10  Pylon  
  100  7:11  Immortal, Pylon  
  102  7:24  Probe  
  102  7:27  Immortal  
  103  7:34  Nexus  
  103  7:36  Pylon  
  107  7:40  Probe x2  
  109  7:48  Twilight Council  
  109  7:49  Forge  
  109  7:50  Observer  
  109  7:55  Pylon  
  109  7:58  Probe x2  
  112  7:59  Pylon  
  112  8:03  Assimilator  
  112  8:06  Assimilator  
  112  8:08  Pylon  
  112  8:10  Probe  
  112  8:11  Probe  
  114  8:21  Immortal  
  114  8:22  Probe  
  114  8:26  Templar Archives  
  117  8:31  Immortal  
  121  8:34  Probe x2  
  123  8:44  Gateway  
  123  8:46  Psionic Storm  
  123  8:47  Gateway  
  123  8:49  Pylon  
  123  9:02  High Templar  
  123  9:03  High Templar  
  123  9:04  Gateway  
  123  9:05  Gateway  
  123  9:09  Protoss Ground Weapons Level 1  
  127  9:17  Immortal  
  127  9:23  Immortal  
  135  9:34  Probe  
  135  9:36  High Templar  
  135  9:37  Probe, High Templar  
  141  9:53  Zealot x2  
  141  9:56  Immortal  
  141  9:58  Shield Battery  
  149  10:00  Shield Battery  
  149  10:01  Pylon  
  141  10:08  Immortal  
  141  10:09  Zealot x3  
  141  10:11  Sentry  
  147  10:26  Zealot x2  
  121  10:35  Immortal  
  121  10:36  Zealot x2, High Templar x2  
  120  10:45  Immortal  
  120  10:47  Zealot x2  
  120  10:48  Archon  
  118  10:54  Probe  
  121  11:01  High Templar  
  121  11:02  High Templar  
  121  11:03  Immortal  
  119  11:06  Pylon  
  119  11:09  Sentry  
  119  11:10  High Templar x2  
  119  11:11  Immortal, Zealot  
  123  11:15  Archon x2  
  114  11:34  Immortal  
  114  11:39  Sentry, Stalker x3  
  110  11:51  Zealot x2  
  107  12:03  Zealot x2  

Tags
 
Add a new tag
Caveats
  • Supply blocks, unpowered buildings, or Contaminate may cause inaccurate times.
  • Supply counts are checked every 10 seconds.